 Dungeon Crawl Stone Soup version 0.29.0-4-gdea44cf6ec (webtiles) character file.

Game seed: 7938453226948566223

9 qw the Sneak (level 2, -9/19 HPs)
             Began as a Gargoyle Delver on Sept 10, 2022.
             Killed from afar by a white imp (11 damage)
             ... with a puff of frost
             ... on level 5 of the Dungeon.
             The game lasted 00:00:06 (771 turns).

qw the Sneak (Gargoyle Delver)                       Turns: 771, Time: 00:00:07

Health: -9/19      AC:  5    Str: 15    XL:     2   Next: 12%
Magic:  2/2        EV: 11    Int: 10    God:
Gold:   0          SH:  0    Dex: 11    Spells: 1/1 levels left

rFire   . . .      SeeInvis .   a - +0 hand axe
rCold   . . .      Faith    .   (no shield)
rNeg    + . .      Spirit   .   b - +0 leather armour
rPois   inf        Reflect  .   (no helmet)
rElec   +          Harm     .   (no cloak)
rCorr   .          Rampage  .   (no gloves)
Will    .....                   (no boots)
Stlth   +++.......              (no amulet)
HPRegen 0.06/turn               (no ring)
MPRegen 0.08/turn               (no ring)

@: no status effects
A: sickness immunity, AC +2, negative energy resistance 1, electricity
resistance, torment resistance 1, petrification resistance
a: no special abilities


You were on level 5 of the Dungeon.
You visited 1 branch of the dungeon, and saw 1 of its levels.


Innate Abilities, Weirdness & Mutations

You are immune to sickness and miasma.
Your stone body is resilient. (AC +2)
You are immune to poison.
You resist negative energy. (rN+)
You are resistant to electric shocks. (rElec)
You are resistant to unholy torment.
You are immune to petrification.


   Skills:
 - Level 3.2 Fighting
 + Level 2.5 Axes
 - Level 1.5 Dodging
 - Level 5.4 Stealth


You had one spell level left.
You didn't know any spells.
Your spell library was empty.

Inventory:

Hand Weapons
 a - a +0 hand axe (weapon)
Armour
 b - a +0 leather armour (worn)
Wands
 g - a wand of digging (3)
Scrolls
 c - a scroll of fog
 d - a scroll of magic mapping
 e - a scroll of fear
 h - a scroll of vulnerability {unknown}
Potions
 f - a potion of haste

Dungeon Overview and Level Annotations

Branches:
Dungeon (5/15)
 Temple: D:4-7

Altars:

Annotations:
D:5 3 runed translucent doors, qw's ghost, novice MiBe


Message History

The quokka barely misses you. The quokka bites you.
You hit the quokka.
The quokka is moderately wounded.
The quokka bites you.
You slash the quokka!
You kill the quokka!
You start resting.
You hear a distant slurping noise.
HP restored.
h - a scroll labelled JAENEO GOTUO
Found a dagger.
Found a stone staircase leading down.
A white imp comes into view.
457 ||| Stepping ~*~*~tactically~*~*~ (hiding).
You start waiting.
Done waiting.
559 ||| Stepping ~*~*~tactically~*~*~ (hiding).
You start waiting.
You hear a distant slurping noise.
Done waiting.
661 ||| Stepping ~*~*~tactically~*~*~ (hiding).
You start waiting.
Done waiting.
The white imp shouts!
The white imp gestures at you. The puff of frost hits you.
763 ||| Stepping ~*~*~tactically~*~*~ (hiding).
You start resting.
A white imp is nearby!
The white imp gestures at you. The puff of frost hits you!
You hit the white imp.
The white imp is lightly wounded.
The white imp hits you. The white imp freezes you.
You hit the white imp.
The white imp is severely wounded.
The white imp gestures at you. The puff of frost hits you!
Ouch! That really hurt!
You die...

#.........#.............#
...##.####....#########.#
##.##.###.....#########.#
##.##.........##......#.####
##.########.####.###.......#
##.# #.# #.# #.)#.##.# ##.#
#.# #.# #....# # ...# #+#
#.# #..### #### #@# #..# ###
#.5...... #.## ####...##
...#### >....# ....... ...
....... .# +++#### #


oooo... ####... You could see a white imp.

Vanquished Creatures
  A white imp (D:5)
  A quokka (D:5)
2 creatures vanquished.

Notes
Turn   | Place    | Note
-------+----------+-------------------------------------------
     0 | D:5      | qw the Gargoyle Delver began the quest for the Orb.
     0 | D:5      | Reached XP level 1. HP: 14/14 MP: 1/1
     0 | D:5      | 0 ||| qw: Version: 0.1-a-116-g5d60599
     0 | D:5      | 0 ||| qw: Game counter: 9440
     0 | D:5      | 0 ||| qw: Always use a shield: true
     0 | D:5      | 0 ||| qw: God list: Okawaru
     0 | D:5      | 0 ||| qw: Allow faded altars: false
     0 | D:5      | 0 ||| qw: Do Orc after D:15 true
     0 | D:5      | 0 ||| qw: Do second Lair branch before Depths: true
     0 | D:5      | 0 ||| qw: Lair rune preference: random
     0 | D:5      | 0 ||| qw: Plans: Normal
     0 | D:5      | 0 ||| PLANNING D:1-11
    21 | D:5      | Found a runed translucent gate.
    21 | D:5      | Identified the +8 dagger "Ceegg" {spect, *Noise rPois
                  | Dex+4}
    21 | D:5      | Identified the +0 ring mail of Winter {-Tele rN+ Will+}
    22 | D:5      | Found a runed translucent gate.
    23 | D:5      | Found a runed translucent gate.
    23 | D:5      | Noticed qw's ghost (novice MiBe)
    24 | D:5      | Noticed an orc priest
    32 | D:5      | 32 ||| Stepping ~*~*~tactically~*~*~ (hiding).
   134 | D:5      | 134 ||| Stepping ~*~*~tactically~*~*~ (hiding).
   144 | D:5      | Reached XP level 2. HP: 6/19 MP: 2/2
   457 | D:5      | 457 ||| Stepping ~*~*~tactically~*~*~ (hiding).
   559 | D:5      | 559 ||| Stepping ~*~*~tactically~*~*~ (hiding).
   661 | D:5      | 661 ||| Stepping ~*~*~tactically~*~*~ (hiding).
   763 | D:5      | 763 ||| Stepping ~*~*~tactically~*~*~ (hiding).
   770 | D:5      | HP: 4/19 [white imp (3)]
   771 | D:5      | Killed from afar by a white imp

Levels and vault maps discovered:
D:5:      layout_loops_corners, minmay_temple_entry_nine_rooms,
          biasface_ghost_orc_armoury, uniq_prince_ribbit1

Skill      XL: |  1 |
---------------+----+-----
Axes           | 2 |  2.5
Fighting       | |  3.2
Dodging        | |  1.5
Stealth        | |  5.4

Action                   || total
-------------------------++-------
Melee: Hand axe          ||    13
Armor: Leather armour    ||     3
Dodge: Dodged            ||     6

Table legend:
 A = Non-vault XP
 B = Vault XP
 C = Vault XP percentage of total XP
 D = Non-vault monster count
 E = Vault monster count
 F = Vault count percentage of total count
                 A         B        C        D         E       F
            +---------+---------+-------+---------+---------+-------
      Total |      13 |       0 |   0.0 |       2 |       0 |   0.0
            +---------+---------+-------+---------+---------+-------
        D:5 |      13 |       0 |   0.0 |       2 |       0 |   0.0
            +---------+---------+-------+---------+---------+-------
